 Dungeon Crawl Stone Soup version 0.28.0 (webtiles) character file.

Game seed: 16335392298581359291

158 Clumpoid the Magician (level 5, -1/47 HPs)
             Began as a Gnoll Wanderer on Feb 13, 2022.
             Slain by an ogre (5 damage)
             ... on level 4 of the Dungeon.
             The game lasted 00:03:24 (3425 turns).

Clumpoid the Magician (Gnoll Wanderer)              Turns: 3425, Time: 00:03:24

Health: -1/47      AC: 12    Str: 14      XL:     5   Next: 40%
Magic:  14/14      EV:  2    Int:  9      God:
Gold:   112        SH:  8    Dex: 12 (13) Spells: 17/18 levels left

rFire   . . .      SeeInvis .   a - +0 dagger (venom)
rCold   . . .      Faith    .   m - +0 kite shield
rNeg    . . .      Spirit   .   o - +0 plate armour
rPois   .          Reflect  .   (no helmet)
rElec   .          Harm     .   (no cloak)
rCorr   .          Rampage  .   k - +0 pair of gloves
Will    .....                   j - +0 pair of boots
Stlth   ..........              e - amulet of regeneration
HPRegen 0.95/turn               (no ring)
MPRegen 0.14/turn               (no ring)

@: no status effects
A: fangs 1, strong nose, distributed training
a: no special abilities


You were on level 4 of the Dungeon.
You visited 1 branch of the dungeon, and saw 4 of its levels.

You collected 112 gold pieces.

Inventory:

Hand Weapons
 a - a +0 dagger of venom (weapon)
Missiles
 h - 41 arrows
 i - 24 bolts
Armour
 b - a +0 buckler
 j - a +0 pair of boots (worn)
 k - a +0 pair of gloves (worn)
 m - a +0 kite shield (worn)
 o - a +0 plate armour (worn)
Jewellery
 e - an amulet of regeneration (around neck)
Wands
 c - a wand of paralysis (3)
Scrolls
 d - a scroll of fog
 f - a scroll of fear
 g - a scroll of acquirement {unknown}
 l - a scroll of magic mapping
 n - a scroll of summoning {unknown}
 q - a scroll of enchant armour {unknown}


   Skills:
 + Level 6.7 Fighting
 + Level 1.4 Short Blades
 + Level 1.4 Long Blades
 + Level 1.4 Axes
 + Level 1.4 Maces & Flails
 + Level 1.4 Polearms
 + Level 1.4 Staves
 + Level 1.4 Slings
 + Level 1.4 Bows
 + Level 1.4 Crossbows
 + Level 1.4 Throwing
 + Level 1.4 Armour
 + Level 1.4 Dodging
 + Level 1.4 Stealth
 + Level 3.0 Shields
 + Level 1.4 Unarmed Combat
 + Level 7.3 Spellcasting
 + Level 3.9 Conjurations
 + Level 1.1 Hexes
 + Level 1.1 Summonings
 + Level 1.1 Necromancy
 + Level 1.1 Translocations
 + Level 1.1 Transmutations
 + Level 1.1 Fire Magic
 + Level 1.1 Ice Magic
 + Level 1.1 Air Magic
 + Level 1.1 Earth Magic
 + Level 1.1 Poison Magic
 + Level 1.6 Invocations
 + Level 3.0 Evocations


You had 17 spell levels left.
You knew the following spells:

 Your Spells              Type           Power      Damage    Failure   Level
a - Foxfire               Conj/Fire      28%        2x1d5     100%        1

Your spell library contained the following spells:

 Spells                   Type           Power      Damage    Failure   Level
 Stone Arrow              Conj/Erth      14%        3d7       100%        3
 Flame Wave               Conj/Fire      7%         2d5       100%        4
 Chain Lightning          Conj/Air       3%         3d4       100%        9
 Fire Storm               Conj/Fire      3%         8d1       100%        9
 Shatter                  Erth           2%         3d6*      100%        9


Dungeon Overview and Level Annotations

Branches:
Dungeon (4/15)
 Temple: D:4-7

Altars:
Yredelemnul

Shops:
D:1 (   D:2 (


Innate Abilities, Weirdness & Mutations

You have very sharp teeth.
Your uncanny sense of smell can sniff out nearby items.
Your experience applies equally to all skills.


Message History

You finish putting on your +0 kite shield.
Found an escape hatch in the floor.
No target in view!
p - a potion of heal wounds No target in view!
Things that are here:
a +0 club; a goblin corpse
q - a scroll labelled JIUDUPT FOWER
Items here: ))) ††.
No target in view!
Things that are here:
a +0 club; a goblin corpse An ogre comes into view.
It is wielding a +0 giant club.
The ogre shouts!
An ogre is nearby!
An ogre is nearby!
Found a potion of degeneration.
You block the ogre's attack.
An ogre is nearby!
You hit the ogre.
The ogre is lightly wounded.
The ogre hits you with a +0 giant club!!
You feel much better.
You hit the ogre but do no damage.
The ogre is poisoned.
The ogre is lightly wounded.
The ogre hits you with a +0 giant club!!
You completely miss the ogre.
The ogre is moderately wounded.
The ogre hits you with a +0 giant club!
* * * LOW HITPOINT WARNING * * *
A jelly comes into view.
The jelly quivers.
You hit the ogre.
The ogre looks as sick as possible!
You bite the ogre, but do no damage.
The ogre is heavily wounded.
The ogre hits you with a +0 giant club!
* * * LOW HITPOINT WARNING * * *
You barely miss the ogre.
The ogre is heavily wounded.
The ogre hits you with a +0 giant club.
You die...

#. . ∆ #.. ###. #..
## #.. .... #.. #.#
#.##.#.### #..
#.##..$ ....#
####.. #.#..# ....#
......
#...##....##.
......##
##...@O...J..
.......##
##.........##!
#....###.#..##.#..#
#...#.#.##........#
#...##.#######.####
#...#### .#
####...###### .#
............# ..
####...####.####


You could see an ogre (extremely poisoned) and a jelly.

Vanquished Creatures
  2 orc priests (D:4)
  Ijyb (D:3)
  2 worms
  7 dart slugs
  2 orcs (D:4)
  5 endoplasms
  6 giant cockroaches
  3 goblins
  2 hobgoblins (D:2)
  3 jackals (D:3)
  8 ball pythons
  4 bats
  3 frilled lizards
  3 kobolds
  5 rats
56 creatures vanquished.

Vanquished Creatures (others)
  A plant (D:3)
1 creature vanquished.

Grand Total: 57 creatures vanquished

Notes
Turn   | Place    | Note
-------+----------+-------------------------------------------
     0 | D:1      | Clumpoid the Gnoll Wanderer began the quest for the Orb.
     0 | D:1      | Clumpoid set off with the following items: a +0 dagger, a
                  | +0 buckler, a +0 leather armour, a scroll of fog; and the
                  | following spell memorised: Foxfire; and the following
                  | spells available to memorise: Stone Arrow, Flame Wave
     0 | D:1      | Reached XP level 1. HP: 23/23 MP: 8/8
   248 | D:1      | Reached XP level 2. HP: 29/29 MP: 10/10
   437 | D:1      | Found Ginul's Antique Weapon Emporium.
   799 | D:1      | Reached XP level 3. HP: 30/35 MP: 11/11
  1759 | D:2      | Found a faded altar of an unknown god.
  1879 | D:2      | Reached skill level 1 in Invocations
  2443 | D:2      | Found Zauceup's Antique Weapon Emporium.
  2449 | D:2      | Found a basalt altar of Yredelemnul.
  2835 | D:3      | Reached skill level 1 in Short Blades
  2835 | D:3      | Reached skill level 1 in Long Blades
  2835 | D:3      | Reached skill level 1 in Axes
  2835 | D:3      | Reached skill level 1 in Maces & Flails
  2835 | D:3      | Reached skill level 1 in Polearms
  2835 | D:3      | Reached skill level 1 in Staves
  2835 | D:3      | Reached skill level 1 in Slings
  2835 | D:3      | Reached skill level 1 in Bows
  2835 | D:3      | Reached skill level 1 in Crossbows
  2835 | D:3      | Reached skill level 1 in Throwing
  2835 | D:3      | Reached skill level 1 in Armour
  2835 | D:3      | Reached skill level 1 in Dodging
  2835 | D:3      | Reached skill level 1 in Stealth
  2835 | D:3      | Reached skill level 1 in Unarmed Combat
  2913 | D:3      | Reached XP level 4. HP: 41/41 MP: 13/13
  2934 | D:3      | Identified the +2 robe of Too Many Cooks {rN++}
  2974 | D:3      | Noticed Ijyb
  2983 | D:3      | Paralysed by Ijyb for 6 turns
  2997 | D:3      | Paralysed by Ijyb for 3 turns
  3001 | D:3      | Killed Ijyb
  3002 | D:3      | Reached skill level 1 in Hexes
  3002 | D:3      | Reached skill level 1 in Summonings
  3002 | D:3      | Reached skill level 1 in Necromancy
  3002 | D:3      | Reached skill level 1 in Translocations
  3002 | D:3      | Reached skill level 1 in Transmutations
  3002 | D:3      | Reached skill level 1 in Fire Magic
  3002 | D:3      | Reached skill level 1 in Ice Magic
  3002 | D:3      | Reached skill level 1 in Air Magic
  3002 | D:3      | Reached skill level 1 in Earth Magic
  3002 | D:3      | Reached skill level 1 in Poison Magic
  3298 | D:4      | Reached XP level 5. HP: 34/47 MP: 14/14
  3416 | D:4      | Noticed an ogre
  3425 | D:4      | Slain by an ogre

Illustrated notes

Levels and vault maps discovered:
D:1:      grunt_arrival_crossed_arrows, layout_loops_cross, serial_shops, shop
D:2:      layout_basic, serial_shops, shop, shapermc_ecumenical_altar_venn,
          basic_altar
D:3:      cheibrodos_old_hovel, layout_rooms, uniq_ijyb
D:4:      layout_loops_cross, chequers_serial_rivers_micro_c,
          nicolae_figureground_pulse

Skill      XL: |  1  2  3  4  5 |
---------------+----------------+-----
Invocations    | 1 |  1.6
Short Blades   | 1 |  1.4
Long Blades    | 1 |  1.4
Axes           | 1 |  1.4
Maces & Flails | 1 |  1.4
Polearms       | 1 |  1.4
Staves         | 1 |  1.4
Slings         | 1 |  1.4
Bows           | 1 |  1.4
Crossbows      | 1 |  1.4
Throwing       | 1 |  1.4
Armour         | 1 |  1.4
Dodging        | 1 |  1.4
Stealth        | 1 |  1.4
Unarmed Combat | 1 |  1.4
Hexes          | 1 |  1.1
Summonings     | 1 |  1.1
Necromancy     | 1 |  1.1
Translocations | 1 |  1.1
Transmutations | 1 |  1.1
Fire Magic     | 1 |  1.1
Ice Magic      | 1 |  1.1
Air Magic      | 1 |  1.1
Earth Magic    | 1 |  1.1
Poison Magic   | 1 |  1.1
Shields        | 3 |  3.0
Evocations     | 3 |  3.0
Fighting       | |  6.7
Spellcasting   | |  7.3
Conjurations   | |  3.9

Action                   |  1- 3 |  4- 6 || total
-------------------------+-------+-------++-------
Melee: Dagger            |   119 |    71 ||   190
       Bite              |    12 |     6 ||    18
  Use: Scroll            |     8 |       ||     8
       Potion            |     2 |     4 ||     6
 Stab: Sleeping          |     3 |       ||     3
       Invisible         |       |     1 ||     1
Armor: Leather armour    |    13 |       ||    13
       Plate armour      |    35 |    78 ||   113
Dodge: Dodged            |    22 |    10 ||    32
Block: Buckler           |    17 |    15 ||    32
       Kite shield       |       |     1 ||     1
